AoeStats
← Nexblux

Arabia

510261485Analyzed
1v1 RM · 2d ago on Sep 30, 2026· 34m 43s· 2 players
Game mode
Random Map
Map size
Tiny (2 player)
Population
200
Speed
Normal
Resources
Standard
Victory
Conquest
Starting age
Dark Age
Ending age
Imperial Age
RankedLock teamsTeams togetherTeam positionsShared explorationLock speedFull tech treeHidden civsTurbo modeCheats
Victory
Defeat
🇺🇸 Franks · United States
1003
+15
🇦🇷 Hindustanis · Argentina
980
-15
Nexblux
5:13 Loom
11:41 Feudal Age
12:15 Double-Bit Axe
12:22 Stone Mining
13:18 Horse Collar
13:32 Gold Mining
24:03 Castle Age
29:04 Bow Saw
Killacammmmm461
8:33 Loom
10:56 Feudal Age
11:51 Double-Bit Axe
18:28 Fletching
25:12 Castle Age
22:38 Man-at-Arms
24:30 Arson
25:12 Scale Mail Armor
25:19 Long Swordsman
25:46 Gambesons
26:56 Squires
31:30 Forging
Connection lost

Rejoining the realm…

Still unreachable

The connection could not be restored.

Session expired

The server has moved on; the page needs a fresh start.